 Dungeon Crawl Stone Soup version 0.29.1-13-g9f3cf754e1 (webtiles) character file.

Game seed: 15681238042346664694

4182 nightchill the Cleaver (level 10, -10/84 (93) HPs)
             Began as a Hill Orc Fighter on Jan 24, 2023.
             Was a Follower of Fedhas.
             Mangled by a fire elemental (11 damage)
             ... summoned by a deep elf pyromancer
             ... on level 8 of the Dungeon.
             The game lasted 00:17:39 (11283 turns).

nightchill the Cleaver (Hill Orc Fighter)          Turns: 11283, Time: 00:17:40

HP:   -10/84 (93)   AC: 11    Str: 24    XL:     10   Next: 28%
MP:   23/23         EV:  7    Int:  8    God:    Fedhas [*.....]
Gold: 361           SH:  4    Dex: 10    Spells: 9/9 levels left

rFire   . . .      SeeInvis .   a - +0 war axe
rCold   . . .      Faith    .   c - +0 buckler
rNeg    . . .      Spirit   .   n - +0 chain mail
rPois   .          Reflect  .   (no helmet)
rElec   .          Harm     .   t - +0 cloak
rCorr   .          Rampage  .   m - +0 pair of gloves
Will    .....                   (no boots)
Stlth   ..........              (no amulet)
HPRegen 0.24/turn               j - ring of magical power
MPRegen 0.18/turn               (no ring)

@: hasted, drained, very quick
A: no striking features
a: Renounce Religion


You were on level 8 of the Dungeon.
You worshipped Fedhas.
Fedhas was aware of your devotion.
You visited 1 branch of the dungeon, and saw 8 of its levels.

You collected 361 gold pieces.

Inventory:

Hand Weapons
 a - a +0 war axe (weapon)
 s - the +12 sling "Icurghatz" {flame, rF- rC+ Int+3}
   (You found it on level 5 of the Dungeon)

   Any ammunition fired from it burns those it strikes, dealing additional fire
   damage.
   Int:       It affects your intelligence (+3).
   rF:        It makes you vulnerable to fire.
   rC:        It protects you from cold.
 u - a +0 broad axe
Missiles
 e - a curare-tipped dart (quivered)
Armour
 c - a +0 buckler (worn)
 m - a +0 pair of gloves (worn)
 n - a +0 chain mail (worn)
 t - a +0 cloak (worn)
Magical Staves
 q - a staff of air
Jewellery
 j - a ring of magical power (left hand)
 x - a +6 ring of strength
Wands
 w - a wand of acid (5)
 y - a wand of polymorph (13)
 F - a wand of iceblast (13)
 H - a wand of digging (4)
Scrolls
 d - a scroll of immolation
 f - a scroll of poison
 g - 2 scrolls of magic mapping
 h - a scroll of silence
 i - 3 scrolls of fog
 r - 2 scrolls of torment
 z - a scroll of fear {unknown}
 A - a scroll of teleportation {unknown}
 B - a scroll of noise {unknown}
 D - 4 scrolls of identify
 E - a scroll of amnesia
Potions
 b - a potion of invisibility
 k - 3 potions of heal wounds
 o - 2 potions of attraction
 p - 2 potions of curing
 v - a potion of brilliance
 C - a potion of resistance {unknown}
 G - 2 potions of cancellation {unknown}


   Skills:
 + Level 10.2 Fighting
 * Level 14.6 Axes
 - Level 3.2 Armour
 - Level 3.2 Shields
 + Level 6.3 Invocations


You had 9 spell levels left.
You didn't know any spells.
Your spell library contained the following spells:

 Spells                   Type           Power      Damage    Failure   Level
 Shock                    Conj/Air       0%         1d3       99%         1
 Scorch                   Fire           0%         2d5       100%        2
 Conjure Flame            Conj/Fire      0%         6-21      100%        3
 Ignite Poison            Fire/Tmut/Pois 0%         N/A       100%        3
 Swiftness                Air            0%         N/A       100%        3
 Airstrike                Air            0%         2d(0-16)  100%        4
 Flame Wave               Conj/Fire      0%         2d4       100%        4
 Sticky Flame             Conj/Fire      0%         2d3       100%        4
 Summon Cactus Giant      Summ           0%         N/A       100%        6


Dungeon Overview and Level Annotations

Branches:
Dungeon (8/15)             Temple (0/1) D:7
   Lair: D:8-11

Altars:
Dithmenos
Elyvilon
Fedhas
Trog
Xom
The Shining One

Shops:
D:4 (!   D:8 :

Annotations:
D:3 1 runed translucent door, Crazy Yiuf
D:4 exclusion: downstairs
D:6 exclusion: downstairs
D:7 exclusion: 2 downstairs
D:8 exclusion: 3 doors


Message History

You closely miss the deep elf pyromancer.
You are covered in liquid flames!
The deep elf pyromancer gestures at you while chanting.
The bolt of fire hits you!!
You hit the deep elf pyromancer.
The deep elf pyromancer is lightly wounded.
You are covered in liquid flames!
You are no longer on fire.
The deep elf pyromancer gestures wildly while chanting.
You barely miss the deep elf pyromancer.
The deep elf pyromancer is lightly wounded.
You slash the fire elemental! You barely miss the fire elemental.
The fire elemental hits you. The fire elemental burns you!
The fire elemental hits you. The fire elemental burns you!
* * * LOW HITPOINT WARNING * * *
You hit the deep elf pyromancer but do no damage.
The deep elf pyromancer is lightly wounded.
You slash the fire elemental! x2
The deep elf pyromancer hits you with a +0 long sword.
* * * LOW HITPOINT WARNING * * *
The fire elemental hits you. The fire elemental burns you!
* * * LOW HITPOINT WARNING * * *
The fire elemental hits you. The fire elemental burns you!
* * * LOW HITPOINT WARNING * * *
Okay, then.
You feel much better.
The deep elf pyromancer hits you but does no damage.
The fire elemental hits you. The fire elemental burns you!
* * * LOW HITPOINT WARNING * * *
The fire elemental hits you. The fire elemental burns you!
* * * LOW HITPOINT WARNING * * *
The deep elf pyromancer hits you with a +0 long sword.
* * * LOW HITPOINT WARNING * * *
You see here a +0 spear.
You feel yourself speed up. The fire elemental hits you.
The fire elemental burns you!
* * * LOW HITPOINT WARNING * * *
The fire elemental hits you. The fire elemental burns you!
You die...
Fedhas appreciates your contribution to the ecosystem.

#e.#.##.#.........
##...##.'.......# #
##....###.⌠...⌠.# .##
...#....#...∩...# ...#
......).#.⌠...⌠.####...
#####
....)##............'...
+....
....<#..###.##○.☼..#.
####.
....##.###.....EeE.# #.
.....#. #.##.).@### #.
.....#. #. ####.)[# #.
######. .. ###)########
#. ......≈ ≈≈≈
#..[.......# #. ≈≈≈≈
..≈. #...###....# ##
≈.. #.≈. #...# ##...# #
≈.# #.≈. #...# #..)# #
≈.# #.≈. #...#
###[####### ≈.# #.≈.
#...# #.)..#...


You could see a deep elf pyromancer and 2 fire elementals.

Vanquished Creatures
  Grinder (D:3)
  Sigmund (D:6)
  5 yaks
  Eustachio (D:6)
  A water moccasin (D:5)
  2 black bears
  An orc warrior (D:8)
  A sky beast (D:8)
  A centaur (D:8)
  4 ogres
  Blork the orc (D:6)
  A kobold brigand (D:6)
  3 scorpions
  4 wights
  10 killer bees
  A vampire bat (D:4)
  2 howler monkeys (D:8)
  5 jellies
  A gnoll bouda (D:8)
  4 orc priests
  5 hounds
  Natasha (thrice) (D:2)
  3 iguanas
  5 orc wizards
  5 adders
  4 gnolls (D:8)
  A white imp (D:8)
  A worm (D:3)
  4 dart slugs
  3 fire bats (D:4)
  18 orcs
  2 spectral bats (D:4)
  14 bats
  3 bat skeletons (D:4)
  A bat zombie (D:4)
  8 endoplasms
  A giant cockroach (D:4)
  8 goblins
  7 hobgoblins
  4 jackals (D:4)
  10 kobolds
  4 quokkas
  4 ball pythons
  A bat simulacrum (D:4)
  7 frilled lizards
  6 rats
  A butterfly (D:4)
183 creatures vanquished.

Vanquished Creatures (others)
  8 plants
8 creatures vanquished.

Grand Total: 191 creatures vanquished

Notes
Turn   | Place    | Note
-------+----------+-------------------------------------------
     0 | D:1      | nightchill the Hill Orc Fighter began the quest for the
                  | Orb.
     0 | D:1      | Reached XP level 1. HP: 19/19 MP: 1/1
    81 | D:1      | Reached skill level 3 in Axes
   339 | D:1      | Reached XP level 2. HP: 25/27 MP: 2/2
   867 | D:1      | Reached skill level 4 in Axes
   952 | D:1      | Reached XP level 3. HP: 33/33 MP: 3/3
  1508 | D:2      | Reached XP level 4. HP: 39/41 MP: 4/4
  1623 | D:2      | Reached skill level 5 in Axes
  1637 | D:2      | Noticed Natasha
  1651 | D:2      | Killed Natasha
  1812 | D:2      | Noticed Natasha
  1827 | D:2      | Killed Natasha
  1828 | D:2      | Reached XP level 5. HP: 36/47 MP: 5/5
  1916 | D:2      | You fall into a shaft and drop 2 floors!
  1961 | D:2      | Noticed Natasha
  1970 | D:2      | Killed Natasha
  2166 | D:2      | Reached skill level 6 in Axes
  2429 | D:3      | Noticed Grinder
  2440 | D:3      | Killed Grinder
  2441 | D:3      | Reached skill level 5 in Fighting
  2441 | D:3      | Reached skill level 7 in Axes
  2441 | D:3      | Reached XP level 6. HP: 37/57 MP: 6/6
  2645 | D:3      | Found a faded altar of an unknown god.
  2769 | D:3      | Found a runed translucent door.
  2770 | D:3      | Noticed Crazy Yiuf
  3568 | D:4      | Found Vedium's Distillery.
  3672 | D:4      | Reached skill level 8 in Axes
  3672 | D:4      | Reached XP level 7. HP: 17/63 MP: 7/7
  4271 | D:4      | Found Leshec's Weapon Shop.
  4306 | D:4      | Found a shimmering altar of Xom.
  4764 | D:4      | Reached skill level 9 in Axes
  4958 | D:5      | Entered Level 5 of the Dungeon
  5178 | D:5      | Found the +6 shillelagh "Devastator" {shatter}
  5196 | D:4      | Reached XP level 8. HP: 54/73 MP: 8/8
  5339 | D:5      | Reached skill level 10 in Axes
  5498 | D:5      | Identified the +12 sling "Icurghatz" {flame, rF- rC+ Int+3}
  6099 | D:5      | Reached skill level 11 in Axes
  6354 | D:6      | Noticed Sigmund
  6773 | D:6      | Found a blossoming altar of Fedhas.
  6779 | D:6      | Became a worshipper of Fedhas Madash
  6786 | D:6      | Noticed Eustachio
  6822 | D:6      | Killed Eustachio
  6823 | D:6      | Reached skill level 1 in Invocations
  6927 | D:6      | Reached XP level 9. HP: 69/82 MP: 10/10
  7034 | D:6      | Reached skill level 12 in Axes
  7080 | D:6      | Noticed Blork the orc
  7093 | D:6      | Killed Blork the orc
  7459 | D:6      | Killed Sigmund
  8320 | D:7      | Found a white marble altar of Elyvilon.
  8772 | D:7      | Reached skill level 13 in Axes
  8882 | D:7      | Found a staircase to the Ecumenical Temple.
  9654 | D:7      | Reached * piety under Fedhas
  9844 | D:8      | Reached skill level 5 in Invocations
 10079 | D:8      | Reached XP level 10. HP: 79/93 MP: 14/14
 10083 | D:8      | Reached skill level 14 in Axes
 10197 | D:8      | Found a bloodstained altar of Trog.
 10360 | D:8      | Found a glowing golden altar of the Shining One.
 10365 | D:8      | Found a shadowy altar of Dithmenos.
 10442 | D:8      | Reached skill level 10 in Fighting
 10612 | D:8      | Found Usmibbon's Vocational Training.
 10950 | D:8      | Noticed a deep elf pyromancer
 11283 | D:8      | HP: 1/84 [fire elemental[a deep elf pyromancer] (12)]
 11283 | D:8      | Mangled by a fire elemental

Illustrated notes

Levels and vault maps discovered:
D:1:      saegor_arrival_fortress, layout_basic, minmay_quantized
D:2:      layout_basic, kennysheep_another_room, serial_bayou_pond_a,
          nicolae_figureground_sparkle, uniq_natasha
D:3:      layout_basic, shapermc_ecumenical_altar_notcrosses,
          serial_bayou_lagoon_a, grunt_ministairs_10, uniq_grinder,
          uniq_crazy_yiuf_cottage
D:4:      layout_loops_corners, xom_butterflies, serial_shops,
          nicolae_shop_stone, kennysheep_mini, portal_sewer_entry_d,
          goddamned_bats
D:5:      layout_gridville, dilly_guarded_unrand_devastator
D:6:      layout_layer_cave, fedhas_altar_4, uniq_blork_the_orc, uniq_eustachio,
          uniq_sigmund
D:7:      layout_loops_cross, nicolae_elyvilon_temple_path,
          minmay_temple_entry_junction
D:8:      layout_basic, mainiacjoe_overflow_cross_hatched,
          nicolae_overflow_squiral, mainiacjoe_overflow_big_doors,
          nicolae_shop_vocational

Skill      XL: |  1  2  3  4  5  6  7  8  9 10 |
---------------+-------------------------------+-----
Axes           | 3 4 5 7 8 9 11 13 14 | 14.6
Fighting       | 4 5 6 7 8 9 10 | 10.2
Invocations    | 1 5 6 |  6.3
Armour         | |  3.2
Shields        | |  3.2

Action                   |  1- 3 |  4- 6 |  7- 9 | 10-12 || total
-------------------------+-------+-------+-------+-------++-------
Melee: War axe           |   105 |   118 |   343 |    84 ||   650
  Use: Potion            |       |     1 |       |     3 ||     4
       Scroll            |       |       |    14 |       ||    14
Armor: Scale mail        |    35 |       |       |       ||    35
       Chain mail        |    32 |    58 |   207 |    48 ||   345
Dodge: Dodged            |    41 |    52 |   147 |    29 ||   269
Block: Buckler           |    27 |    19 |    77 |    17 ||   140
